 Dungeon Crawl Stone Soup version 0.32-a0-656-g3542139ebd (webtiles) character file.

Game seed: 14298272715422172334

6426 Malificent the Grappler (level 10, -1/69 HPs)
             Began as an Octopode Shapeshifter on Mar 8, 2024.
             Was a Believer of Beogh.
             Slain by a troll (14 damage)
             ... on level 10 of the Dungeon.
             The game lasted 00:46:10 (9341 turns).

Malificent the Grappler (Octopode Shapeshifter)     Turns: 9341, Time: 00:46:10

Health: -1/69      AC:  1    Str: 16    XL:     10   Next: 98%
Magic:  5/11       EV: 14    Int: 12    God:    Beogh [**....]
Gold:   620        SH:  5    Dex: 14    Spells: 9/9 levels left

rFire   . .          .
                       - Unarmed
rCold   . . .        (no shield)
rNeg    . . .        (helmet currently unavailable)
rPois   .            u - amulet of reflection
rElec   .            (no ring)
rCorr   .            (no ring)
SInv    .            (no ring)
Will    .....        (no ring)
Stlth   +++++        (no ring)
HPRegen 0.31/turn    (no ring)
MPRegen 0.12/turn    (no ring)
                     (no ring)

%: reflection
@: about to teleport, beast-form, studying Unarmed Combat
A: beast (slay +3), almost no armour, amphibious, 8 rings, camouflage 1,
gelatinous body 1, (nimble swimmer 1), tentacles
a: Begin Untransformation, Renounce Religion, Smiting


You were on level 10 of the Dungeon.
You worshipped Beogh.
Beogh was pleased with you.
You were a hulking beast.
You visited 1 branch of the dungeon, and saw 10 of its levels.
You also visited: Sewer.

You collected 632 gold pieces.
You spent 12 gold pieces at shops.

Inventory:

Hand Weapons
 n - a +2 dagger of venom
 z - a +0 demon whip of venom
Missiles
 e - 15 poisoned darts
 k - 3 datura-tipped darts (quivered)
 v - a throwing net
 A - 8 boomerangs
Jewellery
 u - an amulet of reflection (around mantle)
Talismans
 b - a beast talisman (active)
 c - a flux talisman
 g - a maw talisman
Wands
 r - a wand of flame (13)
Scrolls
 d - a scroll of teleportation
 j - a scroll of fog
 o - 3 scrolls of enchant armour
 q - a scroll of vulnerability
 t - a scroll of torment
 y - a scroll of poison {unknown}
 B - a scroll of butterflies {unknown}
Potions
 a - 3 potions of lignification
 f - 2 potions of attraction
 h - 2 potions of might
 i - 2 potions of magic
 l - 2 potions of haste
 m - a potion of enlightenment {unknown}
 s - a potion of ambrosia
 C - a potion of heal wounds {unknown}
Miscellaneous
 w - a phial of floods


   Skills:
 * Level 6.6 Fighting
 * Level 8.4 Throwing
 + Level 4.0 Dodging
 * Level 7.6 Stealth
 + Level 1.5 Shields
 + Level 8.6 Unarmed Combat
 * Level 1.7 Invocations
 + Level 0.6 Evocations
 * Level 6.4 Shapeshifting


You had 9 spell levels left.
You didn't know any spells.
Your spell library contained the following spells:

 Spells                   Type           Power      Damage    Failure   Level
 Gell's Gravitas          Tloc           0%         N/A       69%         3
 Teleport Other           Tloc           0%         N/A       69%         3
 Leda's Liquefaction      Alch/Erth      0%         N/A       97%         4
 Lee's Rapid Deconstruct  Erth           0%         3d4*      100%        5
 Bombard                  Conj/Erth      0%         9d1       100%        6
 Dispersal                Tloc           0%         N/A       100%        6


Dungeon Overview and Level Annotations

Branches:
Dungeon (10/15)            Temple (0/1) D:7            Lair (0/5) D:8
    Orc (0/2) D:9           Sewer (visited)

Altars:
Kikubaaqudgha
Vehumet

Shops:
D:6 !   D:9 [


Innate Abilities, Weirdness & Mutations

You are a hulking beast.
Your limbs bulge with bestial killing power. (Slay +3)
Your facial features look somewhat orcish.
You cannot wear most types of armour.
You are amphibious.
You can wear up to eight rings at the same time.
Your skin changes colour to match your surroundings (Stealth+).
Your rubbery body absorbs attacks. (AC +1, EV +1)
((You are camouflaged when in or above water. (Stealth+)))
You have tentacles for arms and can constrict up to eight enemies at once.


Message History

You hear a shout!
The killer bee stings the killer bee.
The killer bee stings the killer bee!
The killer bee completely misses the killer bee.
You tentacle-slap the killer bee.
You kill the killer bee!
Beogh accepts your kill. The killer bee stings you!
A troll comes into view.
You miss the killer bee. Your grab misses the killer bee.
Your squeeze misses the killer bee.
The killer bee is heavily wounded.
The killer bee stings you. The killer bee barely misses you.
The killer bee stings you!
You are poisoned.
The killer bee poisons you!
You miss the killer bee. Your grab misses the killer bee.
The killer bee is heavily wounded.
You feel sick. The killer bee stings you. The killer bee stings you!
Unknown command.
Aiming: Smiting
Press: ? - help, Dir - move target, f/p - killer bee Smite: a killer bee (heavily wounded, fast, strong, frenzied and wild)
You smite the killer bee!
You kill the killer bee!
Beogh accepts your kill.
You feel sick.
You feel better.
Aiming: Smiting
Press: ? - help, Dir - move target, f - troll Smite: a troll You smite the troll!
The troll is moderately wounded.
As you read the scroll of teleportation, it crumbles to dust.
You feel strangely unstable. The troll bites you! You block the troll's attack.
The troll claws you.
* * * LOW HITPOINT WARNING * * *
The troll attacks as it pursues you! The troll bites you!
* * * LOW HITPOINT WARNING * * *
You block the troll's attack. The troll claws you!
You die...

#.# #.# #.# #############
#.# #...........# ..#
#...........# ###
#...........# ### ..#
#...........###....
..######...).......#......
..#....)........h.........
..'.####........T..#......
..### ##########..O......
..# .......##...... ..#
......## ..... ..# ......
.... ..# ...... (.. ..#
...... ). ..# ......


O You could see a two-headed ogre and a troll.

Vanquished Creatures
  A two-headed ogre (D:8)
  Amaemon (D:8)
  A troll (D:8)
  Grinder (Sewer)
  A hornet (D:9)
  3 wyverns
  2 yaks (D:9)
  Menkaure (D:7)
  2 water moccasins
  2 orc warriors
  A black bear (D:7)
  2 ogres
  A sky beast (D:7)
  A kobold brigand (Sewer)
  2 bullfrogs
  A gnoll sergeant (D:9)
  2 scorpions
  2 wights (D:10)
  A burial acolyte (D:6)
  4 killer bees
  3 howler monkeys
  4 jellies
  2 hounds
  5 orc priests
  A bombardier beetle (D:5)
  3 iguanas
  A sleepcap (D:5)
  6 orc wizards
  4 kobold zombies
  A crocodile skeleton (Sewer)
  2 hound zombies (D:6)
  5 gnolls
  4 adders
  5 shadow imps
  A white imp (D:5)
  3 ufetubi
  An adder zombie (D:6)
  A ribbon worm (D:2)
  11 dart slugs
  29 orcs
  7 ball pythons
  A bat zombie (Sewer)
  14 endoplasms
  3 giant cockroaches
  6 goblins
  4 hobgoblins
  19 kobolds
  2 quokkas
  6 bats
  2 frilled lizards
  A gnoll zombie (D:6)
  6 rats
195 creatures vanquished.

Vanquished Creatures (collateral kills)
  An orange demon (D:8)
  4 yaks (D:9)
  2 scorpions
  A wight (D:10)
  2 killer bees
  3 orc priests
  A gnoll bouda (D:7)
  A sleepcap (D:4)
  7 gnolls
  12 orcs
  7 kobolds
  A kobold zombie (Sewer)
42 creatures vanquished.

Vanquished Creatures (others)
  3 yaks (D:9)
  A centaur (D:9)
  An orc priest (D:9)
  2 gnolls
  9 orcs
  An endoplasm (Sewer)
  3 kobolds
20 creatures vanquished.

Grand Total: 257 creatures vanquished

Notes
Turn   | Place    | Note
-------+----------+-------------------------------------------
     0 | D:1      | Malificent the Octopode Shapeshifter began the quest for
                  | the Orb.
     0 | D:1      | Reached XP level 1. HP: 13/13 MP: 1/1
   103 | D:1      | Reached XP level 2. HP: 17/18 MP: 2/2
   610 | D:2      | Reached XP level 3. HP: 23/23 MP: 3/3
  1596 | D:3      | Found a glowing drain.
  1603 | D:3      | Reached skill level 1 in Stealth
  1607 | Sewer    | Entered a sewer
  1657 | Sewer    | Reached XP level 4. HP: 28/28 MP: 4/4
  1824 | Sewer    | Found an ancient bone altar of Kikubaaqudgha.
  1879 | Sewer    | Noticed a kobold brigand
  1958 | Sewer    | Killed a kobold brigand
  1959 | Sewer    | Reached XP level 5. HP: 35/35 MP: 5/5
  2114 | Sewer    | Noticed Grinder
  2131 | Sewer    | Killed Grinder
  2132 | Sewer    | Reached skill level 1 in Throwing
  2132 | Sewer    | Reached XP level 6. HP: 42/42 MP: 6/6
  2360 | D:3      | Reached XP level 7. HP: 44/46 MP: 7/7
  2746 | D:3      | Found a faded altar of an unknown god.
  3359 | D:3      | Reached skill level 5 in Unarmed Combat
  3876 | D:5      | Entered Level 5 of the Dungeon
  4149 | D:5      | Reached XP level 8. HP: 44/54 MP: 8/8
  4443 | D:5      | Reached skill level 5 in Stealth
  5422 | D:6      | Found an ancient bone altar of Kikubaaqudgha.
  5549 | D:6      | Reached skill level 5 in Shapeshifting
  5563 | D:6      | Became a worshipper of Beogh the Shepherd
  5999 | D:6      | Reached XP level 9. HP: 60/60 MP: 9/9
  6023 | D:6      | Found Vyotuone's Distillery.
  6031 | D:6      | Bought a potion of degeneration for 12 gold pieces
  6385 | D:7      | Noticed Menkaure
  6391 | D:7      | Killed Menkaure
  6392 | D:7      | Reached skill level 5 in Fighting
  6459 | D:7      | Found a staircase to the Ecumenical Temple.
  6669 | D:7      | Found a radiant altar of Vehumet.
  6678 | D:7      | Identified the +1 robe of Bad Feelings {rN+ Will- rCorr
                  | Str+5}
  6936 | D:8      | Noticed a troll
  6946 | D:8      | Killed a troll
  7061 | D:8      | Found a staircase to the Lair.
  7100 | D:8      | Reached skill level 5 in Throwing
  7178 | D:8      | Reached * piety under Beogh
  7526 | D:8      | Noticed Amaemon
  7528 | D:8      | Noticed an orange demon
  7532 | D:8      | Killed an orange demon
  7541 | D:8      | Killed Amaemon
  7542 | D:8      | Reached XP level 10. HP: 31/68 MP: 10/10
  7713 | D:8      | Noticed a two-headed ogre
  7743 | D:8      | Killed a two-headed ogre
  8046 | D:9      | Found Botibb's Antique Armour Emporium.
  8373 | D:9      | Paralysed by a hornet for 1 turns
  8621 | D:9      | Reached skill level 1 in Shields
  8651 | D:9      | Reached ** piety under Beogh
  8688 | D:9      | Found a staircase to the Orcish Mines.
  8834 | D:9      | Reached skill level 1 in Invocations
  9149 | D:9      | Identified a scroll of acquirement
  9149 | D:9      | Acquired a manual of Unarmed Combat
  9175 | D:10     | Entered Level 10 of the Dungeon
  9331 | D:10     | Noticed a two-headed ogre
  9341 | D:10     | Slain by a troll

Illustrated notes

Levels and vault maps discovered:
D:1:      reono_arrival_forest_river, layout_rooms
D:2:      layout_loops_corners, minmay_misc_feat_enclosed
D:3:      cheibrodos_fertilizer, layout_basic,
          hellmonk_ecumenical_altar_leap_of_faith, portal_sewer_entry_d,
          dreamdust_princess_bridge
D:4:      layout_rooms, st_stairs_9, chequers_serial_rivers_micro_a,
          chequers_serial_rivers_micro_b
D:5:      kennysheep_slugbush, layout_basic
D:6:      layout_basic, regret_index_kikubaaqudgha_part_by_part, serial_shops,
          shop
D:7:      layout_loops_cross, fiery_altar_vehumet,
          minmay_temple_entry_proselytizer, uniq_menkaure
D:8:      nicolae_cairo_tiling_large_dashed, layout_cave_pools,
          lair_entry_dummy, uniq_amaemon
D:9:      layout_loops_ring, hiddenorc2_lemuel, serial_shops,
          nicolae_shop_tiny_statue_garden
D:10:     wander_river, layout_basic

Skill      XL: |  1  2  3  4  5  6  7  8  9 10 |
---------------+-------------------------------+-----
Stealth        | 1 3 4 6 7 |  7.6
Fighting       | 2 3 4 5 6 |  6.6
Unarmed Combat | 4 5 6 7 8 |  8.6
Throwing       | 1 3 4 6 8 |  8.4
Shapeshifting  | 4 5 6 |  6.4
Dodging        | 3 4 |  4.0
Shields        | 1 |  1.5
Invocations    | 1 |  1.7
Evocations     | |  0.6

Action                     |  1- 3 |  4- 6 |  7- 9 | 10-12 || total
---------------------------+-------+-------+-------+-------++-------
  Melee: Unarmed           |    60 |    54 |   184 |    53 ||   351
         Constrict         |    10 |    10 |    60 |    16 ||    96
         Tentacles         |     9 |    13 |    48 |    14 ||    84
         Punch             |     1 |     2 |    11 |     2 ||    16
  Throw: Dart              |       |    29 |    51 |    41 ||   121
         Throwing net      |       |       |     3 |       ||     3
         Boomerang         |       |       |       |     7 ||     7
 Invoke: Convert to Beogh  |       |       |     1 |       ||     1
         Smiting           |       |       |       |     2 ||     2
  Evoke: Wand              |       |       |     2 |     2 ||     4
    Use: Scroll            |     8 |     2 |     9 |     4 ||    23
         Potion            |       |     2 |       |     1 ||     3
   Stab: Sleeping          |    12 |     3 |    23 |       ||    38
         Distracted        |       |       |     1 |       ||     1
 Armour: Skin              |    17 |    23 |    86 |    26 ||   152
  Dodge: Dodged            |    29 |    34 |    84 |    11 ||   158
  Block: Other             |       |       |     6 |     7 ||    13
         Reflection        |       |       |       |     1 ||     1
   Form: Beast             |     1 |       |     1 |       ||     2
         Maw               |     1 |       |       |       ||     1
         Flux              |       |       |     1 |       ||     1

Table legend: (Time is in decaauts)
 A = Elapsed time spent in this place.
 B = Non-inter-level travel time spent in this place.
 C = Inter-level travel time spent in this place.
 D = Time resting spent in this place.
 E = Time spent auto-exploring this place.
 F = Levels seen in this place.
 G = Mean time per level.
                   A        B        C        D        E       F      G
               +--------+--------+--------+--------+--------+-----+--------+
         Total |   9282 |   8981 |    301 |   1910 |   4602 |  11 |  843.8 |
       Dungeon |   8711 |   8410 |    301 |   1731 |   4602 |  10 |  871.1 |
         Sewer |    570 |    570 |      0 |    179 |      0 |   1 |  570.0 |
               +--------+--------+--------+--------+--------+-----+--------+

Top non-repeatable levels by time:
     D:3: 1294 daAuts
     D:5: 1239 daAuts
     D:9: 1227 daAuts
     D:8: 985 daAuts
     D:2: 928 daAuts
     D:6: 869 daAuts
     D:7: 800 daAuts
     D:4: 633 daAuts
   Sewer: 570 daAuts
     D:1: 570 daAuts
    D:10: 163 daAuts
